 Dungeon Crawl Stone Soup version 0.30-a0-591-g3c58d2bc28 (webtiles) character file.

Game seed: 11195116367750182083

158 holysushi the Magician (level 5, -4/37 HPs)
             Began as a Demonspawn Fire Elementalist on Jan 5, 2023.
             Succumbed to an adder's poison
             ... on level 3 of the Dungeon.
             The game lasted 00:08:20 (3870 turns).

holysushi the Magician (DsFE)                       Turns: 3870, Time: 00:08:21

Health: -4/37      AC:  2    Str:  8    XL:     5   Next: 16%
Magic:  0/11       EV: 12    Int: 18    God:
Gold:   131        SH:  0    Dex: 14    Spells: 2/12 levels left

rFire   + . .      SeeInvis .    (no weapon)
rCold   . . .      Faith    .    (no shield)
rNeg    . . .      Spirit   .    a - +0 robe
rPois   .          Reflect  .    (helmet restricted)
rElec   .          Harm     .    (no cloak)
rCorr   .          Rampage  .    (no gloves)
Will    .....                    (no boots)
Stlth   ++                       (no amulet)
HPRegen 0.26/turn                c - ring of protection from fire
MPRegen 0.12/turn                (no ring)

@: lethally poisoned (-4 -> -23)
A: horns 1, demonic guardian 1
a: no special abilities


You were on level 3 of the Dungeon.
You visited 1 branch of the dungeon, and saw 4 of its levels.

You collected 131 gold pieces.

Inventory:

Armour
 a - a +0 robe (worn)
Jewellery
 c - a ring of protection from fire (left hand)
Scrolls
 d - 4 scrolls of teleportation {unknown}
 e - 2 scrolls of identify {unknown}
 f - 2 scrolls of enchant weapon {unknown}
 i - 2 scrolls of silence {unknown}
 k - a scroll of magic mapping {unknown}
 l - a scroll of amnesia {unknown}
 o - a scroll of torment {unknown}
 p - a scroll of enchant armour {unknown}
Potions
 b - a potion of magic
 h - a potion of lignification {unknown}
 j - 2 potions of degeneration {unknown}
 m - a potion of heal wounds {unknown}
 n - a potion of berserk rage {unknown}


   Skills:
 - Level 1.0 Fighting
 - Level 1.9 Dodging
 - Level 1.9 Stealth
 + Level 4.1 Spellcasting
 - Level 1.1 Conjurations
 + Level 3.5 Fire Magic


You had 2 spell levels left.
You knew the following spells:

 Your Spells              Type           Power      Damage    Failure   Level
a - Foxfire               Conj/Fire      48%        2x1d6     5%          1
b - Scorch                Fire           32%        2d6       5%          2
c - Kindle Blastsparks    Fire/Tloc/Air  14%        2d11      26%         3
d - Flame Wave            Conj/Fire      12%        2d6       50%         4

Your spell library contained the following spells:

 Spells                   Type           Power      Damage    Failure   Level
 Blink                    Tloc           6%         N/A       22%         2
 Inner Flame              Hex/Fire       10%        N/A       22%         3
 Manifold Assault         Tloc           3%         N/A       82%         4
 Storm Form               Tmut/Air       1%         N/A       100%        7


Dungeon Overview and Level Annotations

Branches:
Dungeon (4/15) Zot: 20118
 Temple: D:4-7

Altars:

Shops:
D:1 ((


Innate Abilities, Weirdness & Mutations

You have a pair of small horns on your head.
A weak demonic guardian rushes to your aid.


Message History

You don't have enough magic to cast this spell.
Unknown command.
The adder attacks as you move away! The adder bites you.
The adder attacks as you move away! The adder bites you.
You are poisoned.
The adder poisons you!
You feel sick. The adder bites you but does no damage.
The adder attacks as you move away! The adder completely misses you.
You feel sick.
You feel sick.
You feel sick.
Casting: Foxfire (safe; 5% risk of failure)
Confirm with . or Enter, or press ? or * to list all spells.
You conjure some foxfire!
You feel sick. The adder barely misses you. The adder bites you.
Your foxfire dissipates!
You feel sick. The adder bites you.
You are more poisoned.
The adder poisons you!
You feel sick.
You hit the adder but do no damage.
The adder is heavily wounded.
You feel sick. The adder bites you.
* * * LOW HITPOINT WARNING * * *
You are more poisoned.
The adder poisons you! The adder bites you.
* * * LOW HITPOINT WARNING * * *
You are more poisoned.
The adder poisons you!
You miss the adder.
You headbutt the adder, but do no damage.
The adder is heavily wounded.
* * * LOW HITPOINT WARNING * * *
You feel very sick. The adder bites you.
* * * LOW HITPOINT WARNING * * *
A demonic guardian appears!
You are more poisoned.
The adder poisons you!
It was a potion of cancellation.
You feel magically purged.
You die...

#.# #.# #.# #.#
#.# #.# #.#
#.######
#...@S5#
######.# #.# #
#.# .#
##.######..####
#.....)........
###############


You could see an adder (ally target) and a friendly ufetubus (summoned).

Vanquished Creatures
  A jelly (D:3)
  Ijyb (D:3)
  Robin (D:3)
  3 gnolls (D:3)
  An adder (D:2)
  A worm (D:2)
  3 endoplasms (D:1)
  2 giant cockroaches
  9 goblins
  5 hobgoblins
  4 kobolds
  2 quokkas (D:3)
  4 ball pythons
  4 bats
  5 frilled lizards (D:1)
  5 rats
51 creatures vanquished.

Vanquished Creatures (collateral kills)
  4 foxfires (D:3)
4 creatures vanquished.

Vanquished Creatures (others)
  147 foxfires
147 creatures vanquished.

Grand Total: 202 creatures vanquished

Notes
Turn   | Place    | Note
-------+----------+-------------------------------------------
     0 | D:1      | holysushi the Demonspawn Fire Elementalist began the quest
                  | for the Orb.
     0 | D:1      | Reached XP level 1. HP: 13/13 MP: 3/3
   280 | D:1      | Gained mutation: You have a pair of small horns on your
                  | head. [demonic ancestry]
   280 | D:1      | Reached XP level 2. HP: 19/19 MP: 0/5
   430 | D:1      | Found Zobbit's Weapon Emporium.
   477 | D:1      | Found Oranom's Antique Weapon Boutique.
  1192 | D:2      | Learned a level 2 spell: Scorch
  1301 | D:2      | Reached skill level 3 in Spellcasting
  1382 | D:2      | Reached XP level 3. HP: 24/24 MP: 4/7
  2813 | D:3      | Reached XP level 4. HP: 19/31 MP: 0/9
  2986 | D:3      | Reached skill level 1 in Fighting
  3007 | D:3      | Noticed Robin
  3056 | D:3      | Killed Robin
  3201 | D:3      | Learned a level 3 spell: Kindle Blastsparks
  3206 | D:3      | Learned a level 4 spell: Flame Wave
  3845 | D:3      | Noticed Ijyb
  3849 | D:3      | Paralysed by Ijyb for 5 turns
  3854 | D:3      | Killed Ijyb
  3855 | D:3      | Reached skill level 4 in Spellcasting
  3855 | D:3      | Gained mutation: A weak demonic guardian rushes to your
                  | aid. [demonic ancestry]
  3855 | D:3      | Reached XP level 5. HP: 34/37 MP: 3/11
  3869 | D:3      | HP: 1/37 [adder (3)]
  3870 | D:3      | Succumbed to an adder's poison

Illustrated notes

Levels and vault maps discovered:
D:1:      lemuel_arrival_river_ford, layout_basic, serial_shops, shop,
          nicolae_shop_stone, hangedman_decor_lopped
D:2:      layout_basic, serial_forest, infiniplex_forest_clump_small,
          infiniplex_forest_end_1, infiniplex_forest_fountain,
          infiniplex_forest_straight_4, infiniplex_forest_end_3,
          infiniplex_forest_lined_ring
D:3:      layout_basic, mainiacjoe_overflow_cross_hatched,
          minmay_misc_feat_tower, uniq_ijyb, uniq_robin
D:4:      layout_loops_cross, lemuel_coloured_pillars_altar,
          minmay_temple_entry_poolview, nicolae_titane

Skill      XL: |  1  2  3  4 |
---------------+-------------+-----
Spellcasting   | 3 4 |  4.1
Fire Magic     | 3 |  3.5
Fighting       | 1 |  1.0
Dodging        | |  1.9
Stealth        | |  1.9
Conjurations   | |  1.1

Action                   |  1- 3 |  4- 6 || total
-------------------------+-------+-------++-------
Melee: Unarmed           |    38 |     4 ||    42
       Headbutt          |    10 |     2 ||    12
       Punch             |     1 |       ||     1
 Cast: Foxfire           |    67 |    35 ||   102
       Scorch            |     9 |     5 ||    14
       Kindle Blastspark |       |     4 ||     4
  Use: Potion            |       |     1 ||     1
Armor: Robe              |     3 |    10 ||    13
Dodge: Dodged            |    26 |    27 ||    53

Table legend: (Time is in decaauts)
 A = Elapsed time spent in this place.
 B = Non-inter-level travel time spent in this place.
 C = Inter-level travel time spent in this place.
 D = Time resting spent in this place.
 E = Time spent auto-exploring this place.
 F = Levels seen in this place.
 G = Mean time per level.
                   A        B        C        D        E       F      G
               +--------+--------+--------+--------+--------+-----+--------+
         Total |   3881 |   3686 |    195 |    616 |   2370 |   4 |  970.2 |
       Dungeon |   3881 |   3686 |    195 |    616 |   2370 |   4 |  970.2 |
               +--------+--------+--------+--------+--------+-----+--------+

Top non-repeatable levels by time:
     D:2: 1438 daAuts
     D:3: 1341 daAuts
     D:1: 1099 daAuts
     D:4: 1 daAuts
